 Dungeon Crawl Stone Soup version 0.29.0-4-gdea44cf6ec (webtiles) character file.

Game seed: 7942959130596673806

35 qw the Chopper (level 3, -1/23 HPs)
             Began as a Gargoyle Berserker on Sept 6, 2022.
             Was a Follower of Trog.
             Slain by a goblin
             ... wielding a +0 club
             ... led by Robin
              (3 damage)
             ... on level 2 of the Dungeon.
             The game lasted 00:00:16 (1201 turns).

qw the Chopper (Gargoyle Berserker)                 Turns: 1201, Time: 00:00:17

Health: -1/23      AC:  9    Str: 22    XL:     3   Next: 35%
Magic:  3/3        EV: 10    Int:  7    God:    Trog [*.....]
Gold:   56         SH:  0    Dex:  9    Spells: 2/2 levels left

rFire   . . .      SeeInvis .   Y - +2 hand axe
rCold   . . .      Faith    .   (no shield)
rNeg    + . .      Spirit   .   j - +0 scale mail
rPois   inf        Reflect  .   (no helmet)
rElec   +          Harm     .   (no cloak)
rCorr   .          Rampage  .   (no gloves)
Will    .....                   (no boots)
Stlth   ..........              (no amulet)
HPRegen 0.07/turn               (no ring)
MPRegen 0.08/turn               (no ring)

@: on berserk cooldown, slowed, very slow
A: sickness immunity, AC +3, negative energy resistance 1, electricity
resistance, torment resistance 1, petrification resistance
a: Renounce Religion, Berserk


You were on level 2 of the Dungeon.
You worshipped Trog.
Trog was aware of your devotion.
You visited 1 branch of the dungeon, and saw 2 of its levels.

You collected 56 gold pieces.


Innate Abilities, Weirdness & Mutations

You are immune to sickness and miasma.
Your stone body is resilient. (AC +3)
You are immune to poison.
You resist negative energy. (rN+)
You are resistant to electric shocks. (rElec)
You are resistant to unholy torment.
You are immune to petrification.


   Skills:
 - Level 3.2 Fighting
 + Level 3.9 Axes
 - Level 2.1 Armour
 - Level 1.5 Dodging


You had 2 spell levels left.
You didn't know any spells.
Your spell library was empty.

Inventory:

Hand Weapons
 h - a +0 club
 Y - a +2 hand axe (weapon)
Armour
 j - a +0 scale mail (worn)
Jewellery
 d - a ring of ice

Dungeon Overview and Level Annotations

Branches:
Dungeon (2/15)

Altars:


Message History

The goblin goes into a battle-frenzy!
You hit Robin.
Robin is moderately wounded.
Robin barely misses you.
You hit Robin.
Robin is heavily wounded.
Robin hits you but does no damage.
You slash Robin!
Robin is almost dead.
You slash Robin!
You kill Robin!
Trog accepts your kill.
The goblin unwields a +0 club.
The goblin wields a +0 sling.
The goblin shoots a sling bullet.
The sling bullet hits you.
You have reached level 3!
Your experience leads to an increase in your attributes!
Increase (S)trength, (I)ntelligence, or (D)exterity?
You feel stronger. x2
You slash the goblin!
You kill the goblin!
Trog accepts your kill.
You closely miss the goblin. You miss the goblin.
The goblin unwields a +0 sling.
The goblin wields a +0 club.
The goblin hits you with a +0 club.
You hit the goblin.
The goblin is severely wounded.
You are no longer berserk.
You are exhausted.
You feel yourself slow down. The goblin closely misses you.
You barely miss the goblin.
The goblin is severely wounded.
The goblin hits you with a +0 club.
You closely miss the goblin.
The goblin is severely wounded.
The goblin barely misses you. The goblin closely misses you.
You barely miss the goblin.
The goblin is severely wounded.
The goblin hits you with a +0 club.
You die...

######.#####.###.###
#.# #......... #.#
#..####### ... #..#
#.# #..####### ...
#...##... ..
#..#)#)#
#.###))#####.# ..##
##@......# #.#
##g###.... #. ..# #
# g... .g....
.g...... #.........
gg.g...#...


You could see a goblin (strong).

Vanquished Creatures
  Robin (D:2)
  4 endoplasms (D:1)
  A giant cockroach (D:1)
  A hobgoblin (D:2)
  3 ball pythons (D:1)
  A frilled lizard (D:1)
  9 goblins (D:2)
  2 kobolds (D:1)
  A rat (D:1)
23 creatures vanquished.

Notes
Turn   | Place    | Note
-------+----------+-------------------------------------------
     0 | D:1      | qw the Gargoyle Berserker began the quest for the Orb.
     0 | D:1      | Reached XP level 1. HP: 14/14 MP: 1/1
     0 | D:1      | 0 ||| qw: Version: 0.1-a-108-g9e35731
     0 | D:1      | 0 ||| qw: Game counter: 6199
     0 | D:1      | 0 ||| qw: Always use a shield: true
     0 | D:1      | 0 ||| qw: Do Orc after D:15 true
     0 | D:1      | 0 ||| qw: Do second Lair branch before Depths: true
     0 | D:1      | 0 ||| qw: Lair rune preference: random
     0 | D:1      | 0 ||| qw: Plans: Normal
     0 | D:1      | 0 ||| PLANNING D:1-11
   339 | D:1      | Reached skill level 3 in Axes
   522 | D:1      | 522 ||| INVOKING Berserk.
   524 | D:1      | Reached XP level 2. HP: 16/19 MP: 2/2
  1087 | D:1      | 1087 ||| UPGRADING to +0 scale mail.
  1097 | D:1      | 1097 ||| DROPPING +0 animal skin.
  1098 | D:1      | 1098 ||| READING scroll labelled PUSHRY YSAYP.
  1101 | D:1      | 1101 ||| READING scroll labelled ZINEAT COUGUL.
  1102 | D:1      | 1102 ||| READING 2 scrolls labelled NEIDASSAMAE.
  1103 | D:1      | 1103 ||| READING scroll of enchant weapon.
  1103 | D:1      | 1103 ||| ENCHANTING +1 hand axe.
  1104 | D:1      | 1104 ||| READING scroll labelled OREN KIOBLI.
  1105 | D:1      | 1105 ||| READING 2 scrolls labelled KURHEI VESUSUNN.
  1106 | D:1      | 1106 ||| READING scroll labelled IRATZI JIEFETAL.
  1107 | D:1      | 1107 ||| DROPPING scroll of amnesia.
  1170 | D:2      | Noticed Robin
  1171 | D:2      | 1171 ||| Stepping ~*~*~tactically~*~*~ (hiding).
  1177 | D:2      | 1177 ||| Stepping ~*~*~tactically~*~*~ (hiding).
  1183 | D:2      | 1183 ||| INVOKING Berserk.
  1194 | D:2      | Killed Robin
  1195 | D:2      | Reached XP level 3. HP: 10/23 MP: 3/3
  1197 | D:2      | HP: 5/34 [goblin/+0 club[Robin] (5)]
  1199 | D:2      | HP: 1/23 [goblin/+0 club[Robin] (2)]
  1201 | D:2      | Slain by a goblin

Levels and vault maps discovered:
D:1:      tarquinn_simple_flora_water_c, layout_rooms, st_stairs_6,
          chequers_avenue, hangedman_decor_growths, minmay_misc_feat_rows,
          roderic_roman_lattice
D:2:      layout_loops_ring, ebering_ecumenical_altar_petrified, uniq_robin,
          uniq_jessica

Skill      XL: |  1 |
---------------+----+-----
Axes           | 3 |  3.9
Fighting       | |  3.2
Armour         | |  2.1
Dodging        | |  1.5

Action                   || total
-------------------------++-------
Melee: Hand axe          ||    55
Invok: Berserk           ||     2
  Use: Scroll            ||     7
Armor: Animal skin       ||    10
       Scale mail        ||    15
Dodge: Dodged            ||    26

Table legend:
 A = Non-vault XP
 B = Vault XP
 C = Vault XP percentage of total XP
 D = Non-vault monster count
 E = Vault monster count
 F = Vault count percentage of total count
                 A         B        C        D         E       F
            +---------+---------+-------+---------+---------+-------
      Total |      15 |      36 |  70.6 |      10 |      13 |  56.5
            +---------+---------+-------+---------+---------+-------
        D:1 |      15 |       3 |  16.7 |      10 |       2 |  16.7
        D:2 |       0 |      33 | 100.0 |       0 |      11 | 100.0
            +---------+---------+-------+---------+---------+-------
